Map: Blackpink LE

Players

SortOf

  • Race: Zerg Zerg
  • League: Diamond
  • Spawn Location: 1:00

Ragnarok (SHIN) - Winner!

  • Race: Zerg Zerg
  • League: Grandmaster
  • Spawn Location: 7:00

Event: Memes & Dreams Invitational

VOD

Have the link to the VOD?

Description

Time

  • Played on: April 13, 2018, 4:07 a.m.
  • Length: 9:32

All games in this series

Show
View Real Time Build Order
Export as new Build Order

SortOf Zerg 

Build Orders: Hatch First 

Get SALT Encoding   

  12  0:00  Drone  
  13  0:12  Overlord  
  13  0:17  Drone  
  14  0:30  Drone x2  
  16  0:37  Drone  
  17  0:51  Hatchery  
  17  0:54  Drone  
  17  0:57  Drone  
  17  0:59  Extractor  
  17  1:13  Spawning Pool  
  17  1:16  Drone  
  17  1:18  Drone  
  18  1:28  Drone  
  19  1:39  Drone  
  20  1:49  Overlord  
  20  1:59  Queen  
  20  2:00  Metabolic Boost  
  22  2:04  Queen  
  22  2:05  Zergling x2  
  22  2:08  Zergling x2  
  26  2:10  Drone  
  26  2:15  Drone  
  28  2:24  Drone x2  
  30  2:34  Zergling x2  
  32  2:37  Zergling x2  
  32  2:39  Hatchery  
  31  2:45  Zergling x2  
  31  2:48  Overlord  
  32  2:54  Zergling x2  
  32  2:56  Zergling x2  
  32  2:58  Baneling Nest  
  33  3:07  Zergling x2  
  33  3:10  Zergling x4  
  33  3:11  Zergling x4  
  38  3:15  Zergling x6  
  41  3:20  Overlord  
  41  3:28  Drone  
  41  3:30  Drone  
  43  3:37  Zergling x2  
  44  3:43  Baneling x2  
  44  3:47  Zergling x14  
  51  3:50  Drone  
  49  3:56  Baneling  
  49  3:58  Drone  
  50  4:03  Zergling x2  
  50  4:04  Queen  
  50  4:09  Zergling x2  
  54  4:16  Zergling x4  
  52  4:25  Zergling x8  
  52  4:26  Zergling x2  
  54  4:33  Drone x2  
  54  4:35  Drone  
  53  4:39  Baneling x3  
  53  4:41  Overlord  
  53  4:43  Drone x3  
  56  4:47  Drone  
  56  4:49  Baneling  
  57  4:55  Overlord  
  57  5:03  Drone  
  57  5:05  Drone  
  57  5:12  Drone x2  
  57  5:13  Baneling x3  
  59  5:15  Queen  
  59  5:16  Zergling x8  
  60  5:24  Drone  
  60  5:25  Drone  
  58  5:33  Drone  
  58  5:36  Queen  
  58  5:38  Zergling x4  
  62  5:44  Drone x2  
  62  5:46  Overlord  
  64  5:51  Zergling x8  
  64  5:53  Baneling x2  
  64  5:56  Drone  
  68  6:01  Drone x2  
  68  6:03  Baneling  
  68  6:04  Baneling x2  
  69  6:06  Drone x2  
  69  6:10  Zergling x4  
  63  6:18  Zergling x10  
  63  6:24  Drone x2  
  68  6:26  Roach Warren  
  68  6:27  Extractor  
  68  6:30  Drone  
  68  6:31  Drone  
  67  6:37  Overlord  
  67  6:46  Zergling x8  
  71  6:47  Zergling x2  
  71  6:53  Drone x3  
  71  6:54  Drone  
  76  6:55  Drone x5  
  76  6:58  Lair  
  76  6:59  Evolution Chamber  
  76  7:00  Extractor  
  79  7:06  Overlord  
  79  7:08  Drone x4  
  83  7:13  Overlord  
  82  7:18  Drone x2  
  82  7:22  Drone x3  
  86  7:23  Drone x3  
  86  7:28  Roach x2  
  86  7:29  Zerg Missile Weapons Level 1  
  92  7:35  Extractor x2, Roach x4  
  98  7:37  Hatchery  
  98  7:40  Drone x2  
  98  7:42  Drone  
  100  7:44  Overlord  
  100  7:54  Glial Reconstitution, Roach x3  
  106  7:59  Overlord  
  106  8:01  Unknown  
  106  8:04  Overlord  
  106  8:06  Overlord  
  106  8:07  Roach x4  
  106  8:12  Overlord  
  114  8:14  Overlord  
  114  8:16  Extractor  
  113  8:26  Drone  
  114  8:28  Drone  
  114  8:29  Roach x7  
  114  8:30  Overlord  
  114  8:31  Overlord  
  114  8:32  Overseer, Zergling x2  
  130  8:34  Roach  
  130  8:36  Ravager x2  
  130  8:38  Roach  
  136  8:43  Roach  
  137  8:51  Roach x3  
  137  8:53  Zergling x2  
  135  8:56  Roach x5  
  135  9:02  Roach x4  
  112  9:12  Roach  
Show
View Real Time Build Order
Export as new Build Order

Ragnarok Zerg - Winner!

Build Orders: Hatch First 

Get SALT Encoding   

  12  0:00  Drone  
  13  0:13  Overlord  
  13  0:17  Drone  
  14  0:32  Drone x2  
  16  0:37  Drone  
  17  0:51  Hatchery  
  17  0:55  Drone  
  17  0:59  Drone  
  18  1:08  Extractor  
  17  1:13  Spawning Pool  
  17  1:15  Drone  
  17  1:20  Drone  
  18  1:29  Drone  
  19  1:40  Overlord  
  20  2:01  Queen, Zergling x2  
  20  2:02  Queen, Zergling x2  
  20  2:03  Drone  
  26  2:09  Metabolic Boost  
  26  2:13  Drone  
  26  2:14  Drone  
  28  2:23  Drone  
  28  2:25  Drone  
  30  2:37  Hatchery  
  30  2:42  Zergling x4  
  31  2:46  Overlord  
  31  2:50  Zergling x2  
  32  3:00  Zergling x4  
  34  3:05  Zergling x2  
  34  3:11  Zergling x8  
  39  3:13  Zergling x6  
  42  3:20  Baneling Nest  
  42  3:25  Drone x2  
  43  3:29  Overlord  
  43  3:35  Drone  
  44  3:49  Zergling x16  
  51  4:03  Baneling x3  
  51  4:06  Baneling  
  51  4:07  Baneling x2  
  51  4:10  Drone x2  
  51  4:13  Drone  
  51  4:16  Drone  
  51  4:19  Drone  
  51  4:23  Drone x2  
  48  4:27  Drone  
  44  4:31  Drone x2  
  44  4:39  Hatchery  
  44  4:43  Zergling x4  
  45  4:50  Zergling x4  
  47  4:54  Zergling x6  
  47  4:56  Zergling x2  
  51  5:00  Overlord  
  51  5:06  Baneling x2  
  51  5:07  Baneling x2  
  50  5:12  Roach Warren  
  50  5:13  Extractor, Baneling x3  
  48  5:19  Drone x3  
  50  5:25  Drone x3  
  50  5:26  Drone  
  53  5:31  Drone x3  
  53  5:32  Extractor  
  53  5:43  Overlord  
  53  5:48  Baneling  
  52  5:51  Queen  
  52  5:52  Roach  
  52  5:53  Roach x2  
  52  5:54  Roach  
  52  5:56  Roach  
  64  6:00  Overlord  
  64  6:02  Roach  
  65  6:05  Roach  
  65  6:15  Drone  
  65  6:18  Drone x2  
  66  6:19  Drone x4  
  66  6:22  Drone x2  
  66  6:24  Lair  
  71  6:28  Roach  
  71  6:32  Drone x3  
  76  6:40  Drone  
  76  6:42  Evolution Chamber  
  76  6:45  Roach x2  
  76  6:46  Drone  
  81  6:49  Overlord x2  
  81  6:53  Extractor  
  80  6:54  Drone  
  80  6:55  Overlord  
  80  6:58  Overlord  
  81  7:07  Roach x2  
  87  7:08  Roach x2  
  87  7:09  Roach x2  
  87  7:11  Roach  
  87  7:14  Zerg Missile Weapons Level 1  
  94  7:18  Roach x2  
  94  7:20  Drone, Roach  
  101  7:24  Roach x2  
  101  7:27  Glial Reconstitution  
  105  7:31  Overseer  
  105  7:34  Overlord  
  105  7:38  Roach x4  
  105  7:43  Overlord  
  113  7:49  Overlord  
  113  7:53  Roach x4  
  113  7:58  Overlord x2  
  121  8:03  Roach x3  
  129  8:05  Roach  
  129  8:07  Overlord  
  129  8:09  Roach  
  129  8:11  Roach  
  133  8:14  Overlord  
  133  8:16  Overlord  
  133  8:19  Ravager x3  
  136  8:24  Roach x2  
  136  8:25  Roach  
  142  8:28  Roach  
  142  8:30  Roach  
  142  8:33  Roach  
  148  8:34  Roach  
  148  8:37  Roach  
  148  8:39  Roach  
  154  8:42  Roach  
  154  8:47  Roach  
  154  8:48  Roach x2  
  162  8:51  Roach  
  162  8:54  Roach  
  158  8:57  Roach  
  158  9:01  Roach x2  
  158  9:02  Roach  
  147  9:06  Roach  
  147  9:08  Roach  
  139  9:10  Roach  
  139  9:14  Drone x2  
  137  9:19  Drone x2  
Tags
 
Add a new tag
Caveats
  • Supply blocks, unpowered buildings, or Contaminate may cause inaccurate times.
  • Supply counts are checked every 10 seconds.